 Dungeon Crawl Stone Soup version 0.29.1-4-g47bece8355 (webtiles) character file.

Game seed: 15112428055367353529

636 cdecastro the Sneak (level 7, -6/43 HPs)
             Began as an Octopode Transmuter on Dec 12, 2022.
             Mangled by a hornet (11 damage)
             ... while paralysed by a hornet
             ... on level 5 of the Dungeon.
             The game lasted 00:07:02 (4761 turns).

cdecastro the Sneak (Octopode Transmuter)           Turns: 4761, Time: 00:07:04

Health: -6/43      AC:  1    Str:  9    XL:     7   Next: 50%
Magic:  10/10      EV:  2    Int: 18    God:
Gold:   278        SH:  0    Dex: 15    Spells: 7/10 levels left

rFire   . . .      SeeInvis .   g - +9 short sword of Lust {vorpal, Dex+3}
rCold   . . .      Faith    .   (no shield)
rNeg    . . .      Spirit   .   (helmet restricted)
rPois   .          Reflect  .   (no amulet)
rElec   .          Harm     .   (no ring)
rCorr   .          Rampage  .   (no ring)
Will    .....                   (no ring)
Stlth   ++++......              (no ring)
HPRegen 0.14/turn               (no ring)
MPRegen 0.12/turn               (no ring)
                                (no ring)
                                (no ring)

@: paralysed, lethally poisoned (-6 -> -25)
A: almost no armour, amphibious, 8 rings, camouflage 1, gelatinous body 1,
(nimble swimmer 1), tentacles
a: no special abilities


You were on level 5 of the Dungeon.
You visited 1 branch of the dungeon, and saw 5 of its levels.

You collected 278 gold pieces.

Inventory:

Hand Weapons
 g - the +9 short sword of Lust (weapon) {vorpal, Dex+3}
   (You found it on level 2 of the Dungeon)

   It inflicts extra damage upon your enemies.
   Dex:       It affects your dexterity (+3).
Wands
 l - a wand of roots (3)
Scrolls
 c - 3 scrolls of magic mapping
 d - 3 scrolls of identify
 f - 2 scrolls of poison {unknown}
 i - a scroll of noise {unknown}
 j - 2 scrolls of teleportation {unknown}
 o - a scroll of fear {unknown}
 p - 3 scrolls of torment {unknown}
 q - 2 scrolls of enchant weapon {unknown}
Potions
 a - a potion of lignification
 b - 3 potions of mutation {unknown}
 e - 5 potions of heal wounds {unknown}
 h - 2 potions of degeneration {unknown}
 k - 2 potions of berserk rage {unknown}
 m - a potion of cancellation {unknown}
 n - a potion of flight {unknown}
 r - a potion of might {unknown}
 s - a potion of brilliance {unknown}
 t - a potion of ambrosia {unknown}
 u - 2 potions of haste {unknown}
 v - a potion of invisibility {unknown}


   Skills:
 - Level 1.0 Fighting
 + Level 5.6 Short Blades
 - Level 2.0 Dodging
 - Level 6.0 Stealth
 - Level 4.3 Unarmed Combat
 - Level 2.0 Spellcasting
 - Level 2.0 Transmutations


You had 7 spell levels left.
You knew the following spells:

 Your Spells              Type           Power      Damage    Failure   Level
a - Beastly Appendage     Tmut           18%        N/A       8%          1
b - Wereblood             Tmut           9%         N/A       12%         2

Your spell library contained the following spells:

 Spells                   Type           Power      Damage    Failure   Level
 Spider Form              Tmut/Pois      5%         N/A       34%         3
 Dazzling Flash           Conj/Hex       2%         N/A       47%         3
 Inner Flame              Hex/Fire       1%         N/A       47%         3
 Ice Form                 Ice/Tmut       5%         N/A       75%         4
 Cause Fear               Hex            0%         N/A       87%         4
 Agony                    Necr           1%         N/A       99%         5
 Silence                  Hex/Air        0%         N/A       99%         5
 Discord                  Hex            0%         N/A       100%        8


Dungeon Overview and Level Annotations

Branches:
Dungeon (5/15)
 Temple: D:4-7

Altars:
Ashenzari

Shops:
D:1 (


Innate Abilities, Weirdness & Mutations

You cannot wear most types of armour.
You are amphibious.
You can wear up to eight rings at the same time.
Your skin changes colour to match your surroundings (Stealth+).
Your rubbery body absorbs attacks. (AC +1, EV +1)
((You are camouflaged when in or above water. (Stealth+)))
You have tentacles for arms and can constrict up to eight enemies at once.


Message History

Found a broken altar of Ashenzari.
Magic restored.
Your transformation is almost over.
Your tentacle spike disappears.
Found a stone staircase leading down.
There is a stone staircase leading down here.
Found 5 stones.
You open the door.
The hornet buzzes angrily.
There is an open door here.
Found a ring mail.
q - 2 scrolls labelled DONEULE EFEBB (gained 1)
You open the door.
A hornet is nearby!
Unknown command.
Aiming: Fastroot
Press: ? - help, Shift-Dir - straight line, f - hornet
Aim: a hornet The roots erupt in riotous growth!
Roots grab the hornet.
The grasping roots constrict the hornet.
The hornet stings you but does no damage.
The hornet stings you!
You feel yourself slow down.
Unknown command.
You feel yourself speed up.
The grasping roots constrict the hornet!
The roots release their grip on the hornet.
The hornet stings you!
You are poisoned.
You feel yourself slow down.
As you read the scroll labelled FEPRAXK QOHI, it crumbles to dust.
It is a scroll of identify.
c - 3 scrolls of magic mapping You feel yourself speed up.
You feel very sick. The hornet stings you!
* * * LOW HITPOINT WARNING * * *
You are more poisoned.
You suddenly lose the ability to move!
The hornet stings you!
You die...

###### ###
##....###############....
#.......................#
#.#.#####+#######'####..#
#.#.###.....###.....###.#
#.#.##.....###.....####.#
#.#.#.....###.....###.#..
#.#.#....###..@..###..#..
#.#.+...###...y.###...+..
###.#.#..######'####....#..
#.....#.###.#.....#n....#.
#.....####..#..[..#....##.
.
#.....###...+.?.(.+...###.
. #.....##....#..$..#..####
. #.....#...(.#.....#.###.
. #.#...#....####+######. .


You could see a hornet and a necrophage.

Vanquished Creatures
  Grinder (D:4)
  A water moccasin (D:5)
  An ogre (D:5)
  A scorpion (D:5)
  An orc priest (D:4)
  Robin (D:3)
  6 adders
  2 worms
  2 dart slugs
  5 orcs
  7 ball pythons
  5 endoplasms
  2 giant cockroaches
  10 goblins
  10 hobgoblins
  6 jackals
  2 quokkas
  11 bats
  6 frilled lizards
  6 kobolds
  4 rats
90 creatures vanquished.

Notes
Turn   | Place    | Note
-------+----------+-------------------------------------------
     0 | D:1      | cdecastro the Octopode Transmuter began the quest for the
                  | Orb.
     0 | D:1      | Reached XP level 1. HP: 13/13 MP: 3/3
   229 | D:1      | Reached XP level 2. HP: 14/18 MP: 3/5
   465 | D:1      | Learned a level 2 spell: Wereblood
   604 | D:1      | Found Herhufynt's Weapon Boutique.
   729 | D:1      | Reached XP level 3. HP: 16/23 MP: 4/6
  1355 | D:2      | Identified the +9 short sword of Lust {vorpal, Dex+3}
  1404 | D:2      | Reached skill level 1 in Stealth
  1478 | D:2      | Reached skill level 2 in Stealth
  1599 | D:2      | Reached XP level 4. HP: 28/28 MP: 7/7
  1625 | D:2      | Reached skill level 3 in Stealth
  2159 | D:3      | Noticed Robin
  2167 | D:3      | HP: 1/28 [goblin/+0 club[Robin] (5)]
  2474 | D:3      | Killed Robin
  2475 | D:3      | Reached skill level 4 in Stealth
  2855 | D:3      | Reached XP level 5. HP: 33/33 MP: 8/8
  3032 | D:3      | Reached skill level 5 in Stealth
  3795 | D:4      | Identified the +4 quarterstaff of Othrohiji {vamp, *Corrode
                  | rElec rF+++ Stlth+}
  3892 | D:4      | Noticed an ice beast
  4119 | D:4      | Noticed Grinder
  4127 | D:4      | Paralysed by Grinder for 5 turns
  4129 | D:4      | Killed Grinder
  4130 | D:4      | Reached skill level 6 in Stealth
  4130 | D:4      | Reached XP level 6. HP: 38/38 MP: 9/9
  4187 | D:5      | Entered Level 5 of the Dungeon
  4295 | D:5      | Noticed a water moccasin
  4302 | D:5      | Reached XP level 7. HP: 21/43 MP: 10/10
  4460 | D:5      | Reached skill level 5 in Short Blades
  4577 | D:5      | Found a broken altar of Ashenzari.
  4751 | D:5      | Noticed a hornet
  4761 | D:5      | Paralysed by a hornet for 1 turns
  4761 | D:5      | Mangled by a hornet

Illustrated notes

Levels and vault maps discovered:
D:1:      tarquinn_simple_flora_water_f, layout_rooms, serial_aquarium,
          aquarium_bridge_square [aquarium_subvault_bridge,
          aquarium_subvault_window, aquarium_subvault_window,
          aquarium_subvault_bridge], aquarium_bridge_straight
          [aquarium_subvault_bridge, aquarium_subvault_wall,
          aquarium_subvault_bridge, aquarium_subvault_wall],
          aquarium_window_corridor_3, aquarium_window_1, aquarium_window_fake,
          aquarium_window_fake, aquarium_view_2d, aquarium_view_2f,
          serial_shops, nicolae_shop_trees, minmay_shallow_snake_nest
D:2:      minmay_alternating_diamond, layout_basic
D:3:      layout_basic, uniq_robin
D:4:      layout_basic, serial_rivers, chequers_serial_rivers_micro_b,
          chequers_serial_rivers_micro_d, chequers_serial_rivers_room_b,
          chequers_serial_rivers_micro_d, chequers_serial_rivers_marsh,
          uniq_grinder, uniq_pargi
D:5:      layout_basic, nicolae_ashenzari_skybound, serial_glass,
          glass_columns_a, glass_columns_a, minmay_quadrilaterals

Skill      XL: |  1  2  3  4  5  6  7 |
---------------+----------------------+-----
Unarmed Combat | 4 |  4.3
Stealth        | 2 4 6 |  6.0
Short Blades   | 3 4 5 |  5.6
Fighting       | |  1.0
Dodging        | |  2.0
Spellcasting   | |  2.0
Transmutations | |  2.0

Action                   |  1- 3 |  4- 6 |  7- 9 || total
-------------------------+-------+-------+-------++-------
Melee: Unarmed           |    58 |       |       ||    58
       Kick              |    17 |       |     1 ||    18
       Constrict         |    16 |    16 |       ||    32
       Tentacles         |    10 |     9 |       ||    19
       Short sword       |    16 |    79 |     5 ||   100
 Cast: Beastly Appendage |    11 |       |     1 ||    12
Evoke: Wand              |       |     3 |     3 ||     6
  Use: Scroll            |       |       |     1 ||     1
 Stab: Sleeping          |     2 |    13 |     1 ||    16
Armor: Skin              |     6 |     7 |     1 ||    14
Dodge: Dodged            |    66 |    32 |     2 ||   100
